 Dungeon Crawl Stone Soup version 0.29-a0-789-g7a8fcbc185 (webtiles) character file.

Game seed: 10811832145448865843

216 purpskrrrp the Twirler (level 5, 0/29 HPs)
             Began as a Deep Elf Wanderer on July 2, 2022.
             Killed by nerve-wracking pain
             ... invoked by Grinder
              (6 damage)
             ... on level 4 of the Dungeon.
             The game lasted 00:13:42 (3907 turns).

purpskrrrp the Twirler (Deep Elf Wanderer)          Turns: 3907, Time: 00:13:42

Health: 0/29       AC: 12    Str:  9    XL:     5   Next: 61%
Magic:  0/9        EV: 13    Int: 15    God:
Gold:   164        SH:  0    Dex: 18    Spells: 6/7 levels left

rFire   . . .      SeeInvis .   j - +2 short sword (protect)
rCold   . . .      Faith    .   (no shield)
rNeg    . . .      Spirit   +   d - +0 robe
rPois   .          Reflect  .   (no helmet)
rElec   .          Harm     .   b - +1 cloak
rCorr   .          Rampage  .   (no gloves)
Will    .....                   g - +0 pair of boots
Stlth   +++.......              h - amulet of guardian spirit
HPRegen 0.09/turn               (no ring)
MPRegen 0.11/turn               (no ring)

@: under a protective aura
A: no striking features
a: no special abilities


You were on level 4 of the Dungeon.
You visited 1 branch of the dungeon, and saw 4 of its levels.

You collected 164 gold pieces.

Inventory:

Hand Weapons
 a - a +0 quarterstaff
 j - a +2 short sword of protection (weapon)
Missiles
 l - 2 boomerangs
 p - 3 poisoned darts
Armour
 b - a +1 cloak (worn)
 d - a +0 robe (worn)
 g - a +0 pair of boots (worn)
 i - a +0 buckler
Jewellery
 h - an amulet of guardian spirit (around neck)
 x - a ring of magical power
Wands
 y - a wand of roots (12) (quivered)
Scrolls
 e - a scroll of summoning
 f - a scroll of fog
 s - a scroll of identify
 u - a scroll of silence {unknown}
Potions
 c - 2 potions of heal wounds
 k - a potion of invisibility
 m - a potion of attraction
 n - 3 potions of curing
 o - a potion of might
 q - 2 potions of flight
 r - a potion of lignification {unknown}
 t - a potion of ambrosia {unknown}
 w - a potion of magic {unknown}


   Skills:
 + Level 1.2 Fighting
 * Level 3.3 Short Blades
 - Level 4.2 Staves
 + Level 2.4 Dodging
 * Level 3.6 Stealth
 - Level 1.5 Spellcasting
 - Level 3.2 Fire Magic
 + Level 1.1 Evocations


You had 6 spell levels left.
You knew the following spells:

 Your Spells              Type           Power      Damage    Failure   Level
a - Foxfire               Conj/Fire      24%        2x1d5     12%         1

Your spell library contained the following spells:

 Spells                   Type           Power      Damage    Failure   Level
 Scorch                   Fire           20%        2d6       10%         2
 Freeze                   Ice            4%         1d3       24%         1
 Magic Dart               Conj           4%         1d3       24%         1
 Call Imp                 Summ           1%         N/A       34%         2
 Poisonous Vapours        Pois/Air       2%         N/A       34%         2
 Frozen Ramparts          Ice            2%         1d2       56%         3
 Mephitic Cloud           Conj/Pois/Air  1%         N/A       56%         3
 Flame Wave               Conj/Fire      6%         2d5       75%         4
 Corpse Rot               Necr/Pois/Air  1%         N/A       93%         4
 Hailstorm                Conj/Ice       1%         3d3       93%         4


Dungeon Overview and Level Annotations

Branches:
Dungeon (4/15)
 Temple: D:4-7

Altars:
Qazlal
Ru

Annotations:
D:4 Grinder


Message History

Grinder is heavily wounded.
Grinder hits you but does no damage.
You hit Grinder.
Grinder is heavily wounded.
Grinder hits you but does no damage.
You barely miss Grinder.
Grinder is heavily wounded.
Grinder closely misses you.
You completely miss Grinder.
Grinder is heavily wounded.
Grinder hits you but does no damage.
You hit Grinder.
Grinder is heavily wounded.
Grinder misses you.
You hit Grinder.
Grinder is heavily wounded.
You hit Grinder but do no damage.
Grinder is heavily wounded.
Grinder says, "Mostly I couldn't keep them alive."
Grinder closely misses you.
You hit Grinder but do no damage.
Grinder is heavily wounded.
Grinder hits you.
You writhe in agony.
You hit Grinder.
Grinder is severely wounded.
Grinder hits you.
You writhe in agony.
You closely miss Grinder.
Grinder is severely wounded.
Grinder hits you but does no damage.
You barely miss Grinder.
Grinder is severely wounded.
Grinder hits you.
* * * LOW HITPOINT WARNING * * *
You writhe in agony.
* * * LOW HITPOINT WARNING * * *
You hit Grinder.
Grinder is severely wounded.
Grinder gestures at you. Pain shoots through your body!
You die...

......#####.####...######........
..............##........'..†.....
....##.........#.########........
....##.........#.# ..............
.....#.........#.# #####..######
##.#.#.........#.# #. ..#........
.............#.#.# #. #.##.######
##.#.#######.#.#5# #. #.##.#
##.#.# ###+#.#@#.#.##.##.# ..†#.#
#.....#.#..>....#.######
####.#####.....#.####.#.#........
...............#.#.........#.....
####.####......#.#.#..####.#.####
..##.# #.##'#.#.#.#.......# #
..##.# #.##.#.#.#..#..##..#
..##.# #.##.#.#.#...[..#..#
####.# .#.##.#.#.#..#...#..#


You could see Grinder.

Vanquished Creatures
  A scorpion (D:4)
  An orc wizard (D:3)
  4 gnolls (D:4)
  3 adders
  A worm (D:4)
  A dart slug (D:2)
  2 orcs (D:3)
  9 ball pythons
  6 endoplasms
  2 giant cockroaches
  3 goblins
  7 hobgoblins
  3 jackals (D:2)
  A quokka (D:2)
  6 bats
  4 kobolds
  5 rats
59 creatures vanquished.

Vanquished Creatures (others)
  A foxfire (D:2)
1 creature vanquished.

Grand Total: 60 creatures vanquished

Notes
Turn   | Place    | Note
-------+----------+-------------------------------------------
     0 | D:1      | purpskrrrp the Deep Elf Wanderer began the quest for the
                  | Orb.
     0 | D:1      | purpskrrrp set off with the following items: a +0
                  | quarterstaff, a +0 cloak, a potion of heal wounds, a +0
                  | robe; and the following spell memorised: Foxfire; and the
                  | following spells available to memorise: Scorch, Flame Wave.
     0 | D:1      | Reached XP level 1. HP: 10/10 MP: 5/5
   252 | D:1      | Found a faded altar of an unknown god.
   296 | D:1      | Reached XP level 2. HP: 10/15 MP: 4/6
   297 | D:1      | Reached skill level 1 in Stealth
  1338 | D:3      | Found a stormy altar of Qazlal.
  1429 | D:3      | Reached XP level 3. HP: 14/20 MP: 5/7
  1671 | D:3      | Reached skill level 1 in Short Blades
  2048 | D:3      | Reached XP level 4. HP: 24/24 MP: 8/8
  2386 | D:2      | Reached skill level 1 in Fighting
  2407 | D:2      | Found a sacrificial altar of Ru.
  3447 | D:4      | Reached XP level 5. HP: 14/29 MP: 4/9
  3780 | D:4      | Found a sacrificial altar of Ru.
  3882 | D:4      | Noticed Grinder
  3907 | D:4      | Killed from afar by Grinder

Illustrated notes

Levels and vault maps discovered:
D:1:      dpeg_arrival_renting, layout_rooms,
          hellmonk_ecumenical_altar_crossroads
D:2:      layout_loops_ring, basic_altar, minmay_small_reverse_x
D:3:      minmay_door_path, layout_basic, marbit_many_paths
D:4:      layout_basic, mainiacjoe_overflow_large_starburst, uniq_grinder

Skill      XL: |  1  2  3  4  5 |
---------------+----------------+-----
Stealth        | 2 3 |  3.6
Short Blades   | 1 2 3 |  3.3
Fighting       | 1 |  1.2
Dodging        | 2 |  2.4
Staves         | |  4.2
Spellcasting   | |  1.5
Fire Magic     | |  3.2
Evocations     | |  1.1

Action                   |  1- 3 |  4- 6 || total
-------------------------+-------+-------++-------
Melee: Quarterstaff      |    17 |       ||    17
       Short sword       |    58 |   135 ||   193
       Punch             |       |     2 ||     2
 Cast: Foxfire           |       |     1 ||     1
  Use: Scroll            |     8 |     4 ||    12
 Stab: Sleeping          |     3 |     3 ||     6
Armor: Robe              |    27 |    55 ||    82
Dodge: Dodged            |    37 |    98 ||   135

Table legend: (Time is in decaauts)
 A = Elapsed time spent in this place.
 B = Non-inter-level travel time spent in this place.
 C = Inter-level travel time spent in this place.
 D = Time resting spent in this place.
 E = Time spent auto-exploring this place.
 F = Levels seen in this place.
 G = Mean time per level.
                   A        B        C        D        E       F      G
               +--------+--------+--------+--------+--------+-----+--------+
         Total |   3911 |   3366 |    545 |    384 |   2295 |   4 |  977.8 |
       Dungeon |   3911 |   3366 |    545 |    384 |   2295 |   4 |  977.8 |
               +--------+--------+--------+--------+--------+-----+--------+

Top non-repeatable levels by time:
     D:3: 1447 daAuts
     D:2: 1045 daAuts
     D:1: 833 daAuts
     D:4: 585 daAuts
